[Event "Early-Titled-Tuesday-Blitz-January-30-2024"]
[Site "Chess.com"]
[Date "2024.01.30"]
[Round "7"]
[White "Juicy_Fork"]
[Black "ritanovikova"]
[Result "1-0"]
[WhiteElo "2431"]
[BlackElo "2198"]
[TimeControl "180+1"]
[EndTime "9:20:46 PST"]
[Termination "Juicy_Fork won by checkmate"]

1. e4 d5 2. exd5 Qxd5 3. Nc3 Qd6 4. d4 Nf6 5. Nf3 c6 6. Ne5 Nbd7 7. Nc4 Qc7 8. Qf3 Nd5 9. Nxd5 cxd5 10. Qxd5 Nf6 11. Qf3 Be6 12. Bf4 Qc8 13. Ne3 Qd7 14. O-O-O Bxa2 15. b3 e5 16. Bxe5 Ba3+ 17. Kd2 Bb4+ 18. c3 Bd6 19. Bxf6 gxf6 20. Kc2 a5 21. Qd5 a4 22.
Bb5 Bxb3+ 23. Kd3 Bxd5 24. Bxd7+ Kxd7 25. Nxd5 Ke6 26. c4 a3 27. Rhe1+ Kf5 28. c5 Bxh2 29.
g3 Kg4 30. Rh1 Kh3 31. Nf4+ Kg4 32. Rxh2 a2 33. Rh4+ Kf3 34. Rhh1 Kxf2 35. Nh5 f5 36. Kc3 Ra3+ 37. Kb2 Ra6 38. Rhf1+ Kg2 39. Rxf5 Rg8 40. Rff1 Rg5 41. Rg1+ Kf3 42. Rdf1+ Ke4 43. Nf6+ Kxd4 44. Rd1+ Kxc5 45. Ne4+ Kc4 46. Nxg5 b5 47. Rc1+ Kd4 48.
Rgd1+ Ke3 49. Nxf7 a1=Q+ 50. Rxa1 Rf6 51. Re1+ Kd2 52. Ne5 Rf2 53. Kb3 Re2 54. Rad1+ Ke3 55. Rxe2+ Kxe2 56. Rd7 Ke3 57. Rxh7 Ke4 58. Re7 Kf5 59. g4+ Kf6 60. Nc6 Kg5 61. Kb4 Kxg4 62. Kxb5 Kf3 63. Kc5 Kf2 64. Nd4 Kg3 65. Re4 Kf2 66.
Kc4 Kf1 67. Re2 Kg1 68. Kd3 Kh1 69. Ke3 Kg1 70. Nf3+ Kf1 71. Rf2# 1-0

[Event "Early-Titled-Tuesday-Blitz-January-30-2024"]
[Site "Chess.com"]
[Date "2024.01.30"]
[Round "7"]
[White "FGHSMN"]
[Black "Baku_Boulevard"]
[Result "1-0"]
[WhiteElo "2911"]
[BlackElo "3048"]
[TimeControl "180+1"]
[EndTime "9:21:01 PST"]
[Termination "FGHSMN won by resignation"]

1. b3 e5 2. Bb2 Nc6 3. c4 Nf6 4. e3 d5 5. cxd5 Nxd5 6. a3 g6 7. d3 Bg7 8. Nd2 O-O 9. Be2 f5 10. Qc2 f4 11. e4 Nde7 12. Ngf3 h6 13. Nc4 Nd4 14. Nxd4 exd4 15. b4 Kh7 16. Bf3 Be6 17. Rc1 Rc8 18. b5 c6 19. Qa4 cxb5 20.
Qxb5 a6 21. Qb4 Nc6 22. Qd6 b5 23. Qxd8 Rcxd8 24. Nd2 Ne5 25. Ke2 Rd7 26. Rc5 Rb8 27. Rhc1 b4 28. Rc7 a5 29. Rxd7 Bxd7 30. Rc7 Bb5 31.
Bxd4 Bxd3+ 32. Kd1 Re8 33. axb4 axb4 34. Be2 Bxe2+ 35.
Kxe2 Kg8 36. Rxg7+ Kxg7 37. Nf3 b3 38. Nxe5 Rd8 39.
Bb2 Rc8 40. Nc4+ Kf8 41. Kd3 g5 42. Kc3 Rd8 43. Kxb3 Rd1 44. Kc2 Rh1 45. h3 Rg1 46. Kd2 Rxg2 47. Ke2 Rh2 48. Ba3+ Kf7 49. Ne5+ Ke6 50.
Nf3 Rxh3 51. Bb2 g4 52. Nd4+ Kf7 53. Bc1 f3+ 54. Ke3 Rh1 55. Bd2 h5 56. Kf4 Rg1 57. Nf5 Ke6 58. Be3 Rg2 59. Ng7+ Kf7 60. Nxh5 Rg1 61.
Ng3 Rb1 62. Kxg4 Ke6 63. Kxf3 Rb8 64. Ke2 Rf8 65. f4 Kf7 66. Kf3 Rg8 67. e5 Ra8 68. f5 Ra5 69. Kf4 Rb5 70. Ne4 Ra5 71. e6+ Ke7 72. Bc5+ Kd8 73. f6 Ra6 74. f7 Rxe6 75. f8=Q+ Re8 76. Qd6+ Kc8 77. Qc6+ Kd8 78. Bb6+ Ke7 79.
Qf6+ Kd7 80. Qd6+ 1-0

[Event "Early-Titled-Tuesday-Blitz-January-30-2024"]
[Site "Chess.com"]
[Date "2024.01.30"]
[Round "7"]
[White "marik_spb"]
[Black "ozates"]
[Result "1-0"]
[WhiteElo "2462"]
[BlackElo "2637"]
[TimeControl "180+1"]
[EndTime "9:21:02 PST"]
[Termination "marik_spb won by resignation"]

1. e4 e5 2. Nf3 Nc6 3. Bb5 Nge7 4. O-O g6 5. c4 Bg7 6. Nc3 O-O 7. d3 d6 8. Bg5 h6 9. Bd2 Bg4 10. h3 Bxf3 11.
Qxf3 Nd4 12. Qd1 f5 13. Ba4 f4 14. f3 g5 15. Ne2 Nxe2+ 16. Qxe2 h5 17. Kf2 Ng6 18. Rac1 g4 19. Ke1 g3 20. Kd1 c5 21.
Kc2 a6 22. Kb1 Rb8 23. b4 Kh7 24. Ka1 Ne7 25. Rb1 b5 26. Bb3 Nc6 27. Rfc1 Nd4 28. Qd1 cxb4 29. Bxb4 a5 30. Bc3 a4 31. Bc2 bxc4 32.
Bxa4 cxd3 33. Qxd3 Ra8 34. Bxd4 Rxa4 35. Bc3 Rf7 36.
Qd5 Rfa7 37. Rc2 Qc7 38. Rbb2 Rc4 39. Kb1 Rc5 40. Qd3 Ra3 41. Rb3 Rxb3+ 42. axb3 Qb6 43. Rb2 Rc6 44. b4 Bf6 45. b5 Rc8 46. Qd5 Qg1+ 47. Ka2 Qa7+ 48. Kb3 Rc5 49. Qd3 Qf7+ 50. Kc2 Qc7 51.
b6 Qb7 52. Qxd6 Rc6 53. Qd5 Be7 54. Qf7+ Kh6 55. Qd5 Qc8 56. Rb3 Bb4 57. Qxc6+ Qxc6 58. Rxb4 Qb7 59. Bxe5 Kg5 60. Kb3 Qf7+ 61. Ka3 Qb7 62. Bc7 Qa6+ 63. Kb3 Qd3+ 64. Ka4 Qc2+ 65. Kb5 Qxg2 66.
b7 Qf1+ 67. Ka5 Qa1+ 68. Kb6 g2 69. Rb5+ Kh4 70. Bd8+ Kxh3 71. Rxh5+ Kg3 72. Rg5+ Kxf3 73.
b8=Q Qb2+ 74. Kc7 Qxb8+ 75. Kxb8 Kf2 76. Bb6+ Kf1 77. e5 f3 78. e6 f2 79. Bxf2 Kxf2 80.
e7 1-0

[Event "Early-Titled-Tuesday-Blitz-January-30-2024"]
[Site "Chess.com"]
[Date "2024.01.30"]
[Round "7"]
[White "FairChess_on_YouTube"]
[Black "ViIIagra"]
[Result "0-1"]
[WhiteElo "3088"]
[BlackElo "2981"]
[TimeControl "180+1"]
[EndTime "9:21:08 PST"]
[Termination "ViIIagra won on time"]

1. d4 Nf6 2. c4 g6 3. Nc3 Bg7 4. e4 d6 5. h3 Nbd7 6. Be3 e5 7.
d5 Nc5 8. Bd3 O-O 9. Bc2 c6 10.
Nge2 cxd5 11. cxd5 Bd7 12. b4 Na6 13. a3 Nc7 14. O-O Nb5 15. Qd2 Nh5 16. Nxb5 Bxb5 17.
Rfc1 Nf4 18. Nxf4 exf4 19. Bxf4 Bxa1 20. Rxa1 Rc8 21. Bb3 Qf6 22. Re1 Rfe8 23. a4 Bc4 24. Bd1 Bxd5 25. Bf3 Qc3 26. Qxc3 Rxc3 27. Bxd6 f5 28.
Rd1 Bxe4 29. Bxe4 Rxe4 30. g3 b6 31. h4 Rcc4 32. Bb8 a6 33. b5 axb5 34. axb5 Rc5 35.
Rd7 Rxb5 36. Bf4 Rxf4 37. gxf4 Rb4 38. h5 gxh5 39. Rb7 Rb3 40. Kg2 h4 41. Rd7 b5 42.
Rd5 Kg7 43. Rxf5 Kg6 44. Rg5+ Kh6 45. Rc5 b4 46. Rb5 Kg6 47. Rg5+ Kf6 48. Rh5 h3+ 49. Kh2 Kg6 50. Rg5+ Kh6 51. Rb5 Kg6 52. Rg5+ Kf6 53.
Rb5 h6 54. Rh5 Kg6 55. Rb5 Kg7 56. Rb7+ Kf6 57. Rb5 Kg6 58. Rb6+ Kf5 59. Rxh6 Kxf4 60. Rb6 Ke4 61. Rb8 Kd4 62. f4 Ke4 63. Rf8 Rf3 64. f5 Rxf5 65. Rb8 Rf2+ 66. Kxh3 Rb2 67. Kg3 Ke3 68. Re8+ Kd3 69. Kf3 b3 70. Rd8+ Kc2 71.
Ke2 Kb1+ 72. Kd3 Rc2 73. Rb8 b2 74. Rb7 Rc1 75. Kd2 Rc5 76. Ra7 Rd5+ 77. Ke2 Kc2 78. Rc7+ Kb3 79. Rb7+ Kc3 80. Rc7+ Kb4 81. Rb7+ Rb5 82.
Rb6 Rxb6 0-1

[Event "Early-Titled-Tuesday-Blitz-January-30-2024"]
[Site "Chess.com"]
[Date "2024.01.30"]
[Round "7"]
[White "KuzubovYuriy"]
[Black "FormerProdigy"]
[Result "1-0"]
[WhiteElo "2921"]
[BlackElo "3024"]
[TimeControl "180+1"]
[EndTime "9:21:19 PST"]
[Termination "KuzubovYuriy won by resignation"]

1. d4 Nf6 2. Nf3 e6 3. c4 b6 4. g3 Ba6 5. Qc2 c5 6. d5 exd5 7. cxd5 Bb7 8. Bg2 Nxd5 9. O-O Nc6 10. Rd1 Be7 11. Qa4 Nf6 12. e4 O-O 13. e5 Ne8 14.
Nc3 Nc7 15. h4 Re8 16. h5 h6 17. Qg4 Kh8 18. Rxd7 Bc8 19. Rxd8 Bxg4 20. Rxa8 Rxa8 21.
Ne1 Bd7 22. Bf4 Rd8 23. Nc2 Ne6 24. Nd5 Nxf4 25. gxf4 Bg4 26. Nde3 Bd7 27. Nd5 Bf8 28. Nce3 Nd4 29. Be4 Bc6 30. Kg2 b5 31. b3 a5 32. Nc3 Be8 33. Rd1 f6 34. Bg6 Bc6+ 35. Be4 Be8 36. Bg6 Bc6+ 37. Be4 b4 38. Bxc6 bxc3 39.
Be4 Be7 40. Bg6 fxe5 41. fxe5 Bg5 42. Nc2 Kg8 43. Rd3 Nxc2 44. Rxd8+ Bxd8 45. Bxc2 Bg5 46. Kg3 Bd2 47. Kg4 Kf7 48. Kf5 Be1 49. f3 Bg3 50. f4 Ke7 51. Kg4 Bh2 52. Bd3 Kf7 53. Bc4+ Ke7 54. Bd3 Kf7 55. Kf5 Bg3 56. Ke4 Ke7 57. f5 Bh2 58. Bc2 Bg3 59. Bd3 Bh2 60.
Bc2 Bg3 61. Kd5 Bh2 62. e6 Bf4 63. Kxc5 Bd6+ 64. Kb5 Bb4 65. a3 Bxa3 66. Kxa5 Kd6 67. b4 Bc1 68. b5 Be3 69. Kb4 Bb6 70. Kxc3 Ke7 71. Kc4 Kd6 72. Kd3 Bc5 73. Ke4 Ke7 74.
Kd5 Be3 75. Kc6 Kd8 76. Be4 Bf2 77. b6 Be3 78. Bd5 Bf2 79. Bc4 Be3 80. Bb5 Bf2 81.
Kd6 Bg3+ 82. Kd5 Bf2 83. b7 Bg3 84. f6 gxf6 85. Ke4 Ke7 86. Kf5 Bb8 87. Bd7 Bc7 88.
Bb5 Bb8 89. Be2 Bc7 90. Bg4 Bb8 91. Kg6 Bf4 92. Kg7 Be5 93. Kxh6 f5 94. Bxf5 Kf6 95. Bh3 Bf4+ 96. Kh7 Bb8 97. Kg8 Bd6 98. h6 Be5 99. h7 1-0

[Event "Early-Titled-Tuesday-Blitz-January-30-2024"]
[Site "Chess.com"]
[Date "2024.01.30"]
[Round "7"]
[White "ilqar_74"]
[Black "HajiyevKanan"]
[Result "1-0"]
[WhiteElo "2841"]
[BlackElo "2575"]
[TimeControl "180+1"]
[EndTime "9:21:19 PST"]
[Termination "ilqar_74 won by resignation"]

1. e4 c6 2. Nc3 d5 3. Nf3 a6 4. d4 Bg4 5. Be2 e6 6. O-O Nf6 7. exd5 cxd5 8. Ne5 Bxe2 9. Nxe2 Nc6 10. f4 Bd6 11. c3 O-O 12. Ng3 Qc7 13. Kh1 b5 14. a3 a5 15. Be3 b4 16. cxb4 axb4 17. Rc1 Ra6 18. axb4 Qb7 19. Qe2 Rb6 20. Nxc6 Rxc6 21.
Rxc6 Qxc6 22. Rc1 Qb6 23. b5 Rb8 24. Rc6 Qd8 25. h3 h6 26. Bd2 Ne8 27. Qd3 Qh4 28.
Ne2 Qf2 29. b6 Qf1+ 30. Kh2 g5 31. Rc1 Qf2 32. Be3 Qh4 33. g3 Qh5 34. Rc6 Qf3 35. Ng1 Qh5 36. Qe2 Qg6 37. Qc2 Qxc2+ 38. Rxc2 gxf4 39.
gxf4 Rxb6 40. Kg2 Nf6 41. Ne2 Ne4 42. Kf3 Kg7 43. Nc3 Rc6 44. Rg2+ Kf6 45. Nxe4+ dxe4+ 46. Kxe4 Rc4 47. Kd3 Rb4 48. Rc2 Rb5 49. Ke4 h5 50.
Rc6 Ke7 51. Rc2 Kf6 52. Bd2 Rb3 53. Bc3 Rb5 54. d5+ Ke7 55. dxe6 Kxe6 56. Rd2 f5+ 57.
Kf3 Rb3 58. Re2+ Kd5 59. Rd2+ Ke6 60. Rd3 Bb4 61. Re3+ Kd5 62. Kg3 Bxc3 63. bxc3 Kd6 64. Kh4 Ra3 65. Kxh5 Ra4 66. Kg5 Ra5 67. h4 Ra8 68. Kxf5 Rh8 69. Kg4 Rg8+ 70. Kf3 Rh8 71. Kg3 Rg8+ 72. Kh3 Rh8 73. Rf3 Ke6 74. f5+ Kf6 75. c4 Rc8 76. Rf4 Ke5 77. Kg3 Kf6 78.
Kf3 Ra8 79. h5 Rh8 80. Kg4 Rg8+ 81. Kh4 Rh8 82. c5 Ke5 83. Rf1 Kf6 84. c6 Rc8 85.
Rc1 Kxf5 86. c7 Kf4 87. h6 Kf5 88. Kh5 Kf6 89. Rc6+ Kf7 90. Kg5 Rg8+ 91. Kf5 Rc8 92. h7 Kg7 93. Ke6 Kxh7 94. Kd7 Rg8 95. c8=Q 1-0

[Event "Early-Titled-Tuesday-Blitz-January-30-2024"]
[Site "Chess.com"]
[Date "2024.01.30"]
[Round "7"]
[White "Jumbo"]
[Black "blitzking1729"]
[Result "1-0"]
[WhiteElo "2933"]
[BlackElo "2704"]
[TimeControl "180+1"]
[EndTime "9:21:26 PST"]
[Termination "Jumbo won by resignation"]

1. d4 d5 2. Nf3 Nf6 3. c4 c6 4. Qb3 dxc4 5. Qxc4 Bf5 6. g3 e6 7. Bg2 Nbd7 8. O-O Be7 9. e3 O-O 10. Qe2 a5 11. Rd1 a4 12. Bd2 Qb6 13. Be1 Rfe8 14. Na3 Bf8 15. Nc4 Qa6 16. Bf1 Bg4 17. h3 Bh5 18. a3 Nb6 19. Na5 Qxe2 20. Bxe2 Ra7 21. g4 Bg6 22. Ne5 Rea8 23. Nxg6 hxg6 24. Nc4 Nxc4 25.
Bxc4 Bd6 26. Rac1 Rd8 27. Be2 Bc7 28. Rc4 Rda8 29. Kg2 Ne4 30. f3 Nd6 31. Rc2 Ba5 32. Bg3 Rd8 33. e4 Bb6 34. d5 exd5 35. exd5 c5 36.
Bd3 Raa8 37. Re1 Kf8 38. Rce2 Ba5 39. Rc1 Rac8 40. Rec2 b6 41. Rd1 Kg8 42. h4 c4 43.
Bxd6 cxd3 44. Rxc8 Rxc8 45. Rxd3 Rc2+ 46. Kh3 Rxb2 47.
Be7 Rb3 48. Rd1 b5 49. Kg3 f6 50. d6 Kf7 51. g5 f5 52. h5 gxh5 53. g6+ Ke6 54.
Kf4 Kd7 55. Bf8 Bc3 56. Kxf5 Bf6 57. Be7 Bxe7 58. dxe7+ Kxe7 59. f4 Rxa3 60. Re1+ Kd6 61. Re6+ Kd7 62. Rb6 Rb3 63. Rb7+ Kc6 64. Rxg7 a3 65. Ra7 Kb6 66. Ra8 b4 67. Ke6 Rg3 68.
f5 h4 69. Kf7 h3 70. g7 h2 71. Rh8 a2 72. Rxh2 a1=Q 73. Rh6+ Kc5 74. g8=Q Rxg8 75. Kxg8 Qg1+ 76. Kf7 Qe3 77. Rh5 Qb3+ 78. Kg7 Qg3+ 79.
Kh6 Qe5 80. f6 Qxh5+ 81. Kxh5 b3 82. f7 b2 83. f8=Q+ Kc4 84. Qf1+ Kb3 85. Qb1 1-0

[Event "Early-Titled-Tuesday-Blitz-January-30-2024"]
[Site "Chess.com"]
[Date "2024.01.30"]
[Round "7"]
[White "ahkashefi2800"]
[Black "DonkyDonkyDonkey"]
[Result "1-0"]
[WhiteElo "2573"]
[BlackElo "2732"]
[TimeControl "180+1"]
[EndTime "9:21:26 PST"]
[Termination "ahkashefi2800 won by resignation"]

1. d4 Nf6 2. Nf3 g6 3. g3 Bg7 4. Bg2 O-O 5. O-O d5 6. b3 c5 7. Bb2 cxd4 8. Bxd4 Nc6 9. Bb2 Bg4 10. Nbd2 Rc8 11. c4 d4 12. a3 a5 13. Rc1 e5 14. h3 Bf5 15. Ng5 h6 16. Nge4 Qd7 17.
Kh2 g5 18. Nxf6+ Bxf6 19. Ne4 Bg7 20. e3 Qe7 21. exd4 Nxd4 22. c5 Bxe4 23. Bxe4 f5 24. Bd5+ Kh8 25. Bxd4 exd4 26. b4 axb4 27. axb4 f4 28. Qd3 Be5 29. Kg2 Qg7 30. g4 f3+ 31.
Bxf3 Qf6 32. Bxb7 Rb8 33. Qe4 Rxb7 34. f4 Rxb4 35. Qxe5 Rb2+ 36. Kg1 gxf4 37. Qxf6+ Rxf6 38. c6 Rb8 39. Rc4 Rc8 40. Rxd4 Rcxc6 41. Rdxf4 Rfe6 42. R1f2 Kg7 43. Kg2 Rc3 44. R2f3 Rc2+ 45. Rf2 Rc1 46. R4f3 Rd6 47. Kg3 Rg1+ 48. Rg2 Re1 49. Rc2 Rg1+ 50. Kh2 Rgd1 51. Rc7+ Kg6 52. Rff7 Kg5 53. Rf5+ Kg6 54. Kg3 R6d3+ 55. Kh4 Rh1 56. Rc6+ Kg7 57. Rc7+ Kg6 58. Rc6+ Kh7 59. Rc7+ Kg8 60. Kh5 Rhxh3+ 61. Kg6 Rd6+ 62. Rf6 Rxf6+ 63. Kxf6 Rg3 64. Kf5 Rg1 65. Rb7 Kh8 66. Rc7 Kg8 67. Rb7 Rc1 68. Kg6 Rc6+ 69. Kh5 Kf8 70. Rh7 Rc1 71. Rxh6 Kg7 72. Rg6+ Kf7 73.
Rh6 Kg7 74. Rg6+ Kf7 75. Rd6 Rc5+ 76. Kh6 Rc1 77. Rd7+ Ke6 78. Ra7 Kf6 79. g5+ Kf5 80. Rf7+ Ke6 81. g6 Rh1+ 82. Kg7 Rg1 83. Rf4 Ke5 84.
Rf3 Ke6 85. Rf2 Rg3 86. Rf4 Ke5 87. Rf7 Ke6 88. Rf6+ Ke7 89. Ra6 Rg1 90. Ra3 Ke6 91.
Rf3 Rg4 92. Rf6+ Ke7 93. Rf7+ Ke6 94. Kh7 Rh4+ 95. Kg8 Rh1 96. g7 Rg1 97. Rf3 Ke7 98.
Re3+ Kd7 99. Re4 Kd6 100. Kf7 Rf1+ 101. Kg6 Rg1+ 102. Kf6 Rf1+ 103. Kg5 1-0

[Event "Early-Titled-Tuesday-Blitz-January-30-2024"]
[Site "Chess.com"]
[Date "2024.01.30"]
[Round "7"]
[White "brm72"]
[Black "Seochesspie"]
[Result "1/2-1/2"]
[WhiteElo "2693"]
[BlackElo "2864"]
[TimeControl "180+1"]
[EndTime "9:21:39 PST"]
[Termination "Game drawn by 50-move rule"]

1. e4 c5 2. Nf3 Nc6 3. Bb5 e6 4. O-O Nge7 5. Re1 a6 6. Bf1 d5 7. exd5 Nxd5 8. d4 Nf6 9. Be3 Be7 10. c4 cxd4 11. Nxd4 Bd7 12. Nc3 O-O 13. h3 Rc8 14. Qd2 Ne5 15. b3 Ng6 16. Red1 Qc7 17. Rac1 Rfd8 18. Qb2 e5 19. Nde2 Qb8 20. Ng3 Be6 21.
Nce4 Nxe4 22. Nxe4 h6 23. Bb6 Rxd1 24. Rxd1 f5 25. Nc3 Rc6 26. Be3 Rd6 27. Qc2 Kh7 28. g3 e4 29. Bg2 Rxd1+ 30. Qxd1 Qe5 31. Qd4 Bf6 32. Qxe5 Nxe5 33. Ne2 Nd3 34. Bd4 Be7 35. g4 g6 36. gxf5 gxf5 37. f3 exf3 38. Bxf3 b5 39. cxb5 axb5 40. a4 bxa4 41. bxa4 Bb4 42. Bb6 Kg6 43.
a5 Bc5+ 44. Kg2 Kf6 45. Bxc5 Nxc5 46. Nd4 Bc8 47. Kg3 Ke5 48. Ne2 Nb3 49. Kh4 Kf6 50.
Kh5 Kg7 51. Ng3 Nxa5 52. Bd5 f4 53. Ne2 Bxh3 54. Nxf4 Bf5 55. Kh4 Kf6 56. Kh5 Kg7 57.
Kh4 Bc2 58. Kh5 Bd1+ 59. Kh4 Kf6 60. Nh3 Ke5 61. Bg2 Nc4 62. Kg3 Nd6 63. Bf3 Bc2 64.
Nf2 Bf5 65. Bg4 Bg6 66. Kh4 Kf6 67. Bh5 Bh7 68. Bg4 Kg7 69. Bh5 Nc4 70. Ng4 Nd2 71. Nxh6 Kxh6 72. Be2 Ne4 73. Bf3 Nf6 74. Kg3 Kg5 75. Bc6 Bf5 76. Bb7 Bd7 77. Ba8 Ne8 78. Bb7 Nd6 79. Ba8 Kf6 80. Bd5 Ke5 81.
Ba8 Nf5+ 82. Kf2 Nd4 83. Bb7 Kd6 84. Ba8 Nb5 85. Bg2 Kc5 86. Bh1 Kd4 87. Bg2 Nd6 88. Bh1 Nf7 89. Bg2 Ne5 90. Bh1 Ng4+ 91. Kg3 Ne3 92. Ba8 Nf5+ 93. Kf4 Nd6 94. Bg2 Nc4 95. Bh1 Ne3 96. Bf3 Nc2 97. Bg2 Nb4 98. Bf3 Na6 99.
Bg2 Nc5 100. Bf3 Nd3+ 101. Kg3 Ke3 102. Ba8 Ne5 103. Bb7 Nf7 104. Ba8 Nd6 105. Bd5 Nf5+ 106. Kg2 Ke2 107. Bf3+ Ke1 108. Ba8 Ke2 109. Bf3+ Ke3 110. Ba8 Nh4+ 111. Kg3 Nf5+ 112. Kg2 Kf4 113. Kf2 Ne3 114. Ke2 Ng4 115. Kd3 Ne5+ 116. Kd4 Nf7 117. Bd5 Ng5 118. Ba8 Nh7 119. Bd5 Nf6 120. Ba8 Bf5 121. Bb7 Ng4 1/2-1/2

[Event "Early-Titled-Tuesday-Blitz-January-30-2024"]
[Site "Chess.com"]
[Date "2024.01.30"]
[Round "7"]
[White "Gabrielian_Artur"]
[Black "JimDiGrease"]
[Result "0-1"]
[WhiteElo "2771"]
[BlackElo "2948"]
[TimeControl "180+1"]
[EndTime "9:22:08 PST"]
[Termination "JimDiGrease won on time"]

1. e4 c5 2. Nc3 e6 3. Nf3 Nc6 4. h3 Nf6 5. Bb5 Qc7 6. O-O d6 7. Re1 Bd7 8. d4 cxd4 9. Nxd4 Be7 10. Bg5 O-O 11. Bxc6 bxc6 12. e5 dxe5 13. Nf3 Rfd8 14. Nxe5 Be8 15. Qf3 Nd5 16. Bxe7 Qxe7 17. Ne4 f6 18.
Nd3 e5 19. Rad1 Bg6 20. Ng3 Rab8 21. c4 Nc7 22. b3 Ne6 23. Nf5 Bxf5 24. Qxf5 Nd4 25.
Qe4 Rb7 26. f4 Nc2 27. Re2 Nb4 28. Red2 Rbd7 29. a3 Rd4 30. Qe2 Nxd3 31. Rxd3 Rxd3 32. Rxd3 Rxd3 33. Qxd3 exf4 34. b4 g5 35. Kf2 Qe5 36. c5 Qb2+ 37. Kf3 Qe5 38. Qd8+ Kf7 39. Qd7+ Kg6 40.
Qd3+ f5 41. a4 h5 42. Kf2 g4 43. hxg4 hxg4 44. Qc4 Qb2+ 45. Kf1 Qa1+ 46. Ke2 Kf6 47. b5 Qb2+ 48. Kf1 Qb1+ 49. Ke2 cxb5 50. axb5 Qb2+ 51. Kd1 Qxg2 52. c6 f3 53. Qd4+ Kg6 54. c7 Qe2+ 55. Kc1 f2 56. Qd6+ Kh5 57. Qh2+ Kg5 58.
Qxf2 Qxf2 59. c8=Q Qf1+ 60. Kd2 Qxb5 61. Qd8+ Kg6 62.
Qg8+ Kf6 63. Qd8+ Ke6 64. Qg8+ Ke5 65. Qh8+ Kd6 66. Qf8+ Ke6 67. Qg8+ Kd7 68. Qf7+ Kc8 69. Qf8+ Kc7 70. Ke1 Qa5+ 71. Kf1 Qe5 72. Qf7+ Kb6 73. Qb3+ Kc6 74. Qa4+ Kd6 75. Qa6+ Ke7 76. Qxa7+ Kf6 77.
Qa8 Kg5 78. Qg8+ Kf4 79. Qc4+ Qe4 80. Qc7+ Ke3 81. Qc1+ Kd4 82. Qb2+ Kd5 83. Qb7+ Ke6 84. Qc8+ Kf6 85. Qf8+ Kg5 86. Qd8+ Kf4 87. Qc7+ Qe5 88. Qc1+ Kg3 89. Qa3+ Kh4 90. Qa8 f4 91. Qg8 Qa1+ 92.
Ke2 Qb2+ 93. Kd3 f3 94. Qd8+ Kg3 95. Qc7+ Kg2 96. Qc6 Qe2+ 97. Kd4 g3 98. Qb7 Kg1 99. Qb1+ Qf1 100. Qg6 g2 101. Ke3 Qe2+ 102. Kf4 f2 103. Qb6 Kf1 104. Qb1+ Qe1 105. Qb5+ Kg1 106. Qb6 Qd2+ 107. Kg3 Qd3+ 108. Kg4 Kf1 109. Qa7 g1=Q+ 0-1

[Event "Early-Titled-Tuesday-Blitz-January-30-2024"]
[Site "Chess.com"]
[Date "2024.01.30"]
[Round "7"]
[White "deribas12345"]
[Black "ChessSkool"]
[Result "0-1"]
[WhiteElo "2510"]
[BlackElo "2694"]
[TimeControl "180+1"]
[EndTime "9:22:15 PST"]
[Termination "ChessSkool won by resignation"]

1. d4 d5 2. c4 e6 3. Nc3 Nf6 4. cxd5 exd5 5. Bg5 c6 6. e3 Bf5 7. Qf3 Bg6 8. Bxf6 Qxf6 9. Qxf6 gxf6 10. h4 h5 11. Nh3 a5 12. Nf4 a4 13. a3 Nd7 14. g3 Bd6 15. Bh3 Nb6 16. O-O-O Nc4 17. Rhe1 f5 18. Bf1 b5 19. Bxc4 bxc4 20. Nh3 Kd7 21.
Nf4 Rhe8 22. Kc2 Kc7 23. Rb1 Kb6 24. Kd2 Ka5 25. Rec1 Rab8 26. Rc2 Rb3 27. Ra1 Reb8 28. Ra2 R8b7 29. Nd1 Bf8 30. Nc3 Bh6 31. Nce2 Rd7 32. Nc1 Rb5 33. Nce2 Rb8 34. Nc3 Rbb7 35. Nce2 Rd8 36.
Nc3 Rg8 37. Ra1 f6 38. Ra2 Bf7 39. Nce2 Rgb8 40. Nc3 Re7 41. Ra1 Rg8 42. Re1 Rge8 43. Rb1 Rd7 44. Ra1 Rc8 45. Rd1 Rdd8 46. Ke2 Bf8 47. Kf3 Rb8 48. Rdd2 Rb3 49. Ke2 Bd6 50. Kf3 Rdb8 51. Ke2 R8b7 52. Kf3 Be7 53. Ke2 Bd8 54. Kf3 Ra7 55. Ke2 Kb6 56. Kf3 Kb7 57.
Ke2 Ba5 58. Kd1 Ra6 59. Kc1 Bc7 60. Re2 Bd6 61. Red2 Kb6 62. Re2 Ka5 63. Red2 Ra8 64. Re2 Re8 65. Red2 Rbb8 66. Re2 Re7 67. Red2 Rbe8 68.
Re2 Rg8 69. Kd1 Rg7 70. Kc1 Be8 71. Kd1 Bd7 72. Kc1 Bc8 73. Kd1 Rh7 74. Kc1 Ba6 75. Kd1 Bb5 76. Kc1 Re8 77. Kd1 Kb6 78.
Kc1 Bf8 79. Red2 Bh6 80. Ncxd5+ cxd5 81. Nxd5+ Kc6 82. Nxf6 Rhe7 83. Nxe8 Rxe8 84. Rc3 Kd5 85. Re2 Ba6 86. Kd1 Rc8 87. f3 Bb7 88. Ke1 Bg7 89. Kf2 Kd6 90. Rd2 Bd5 91. Rc1 Bf6 92. Re1 Re8 93. Rc2 Bd8 94. Rg1 Rf8 95. Rd2 Ba5 96. Rc2 Kc6 97. Rgc1 Kb5 98. Rb1 Bb6 99. Rg1 Bd8 100. Rf1 Bf6 101. Rd1 Bg7 102. Re2 Bh6 103. Kg2 Re8 104. Rde1 c3 105. bxc3 Bc4 106. Rb2+ Bb3 107. e4 Kc4 108. e5 Kxc3 109. Rbe2 Bd2 110. Rf1 Bc4 111. Rxd2 Kxd2 112. Rb1 Bb3 113. f4 Rd8 114. Kf3 Rxd4 115. Re1 Kxe1 0-1

[Event "Early-Titled-Tuesday-Blitz-January-30-2024"]
[Site "Chess.com"]
[Date "2024.01.30"]
[Round "7"]
[White "yjjga"]
[Black "ketster"]
[Result "1/2-1/2"]
[WhiteElo "2468"]
[BlackElo "2589"]
[TimeControl "180+1"]
[EndTime "9:22:27 PST"]
[Termination "Game drawn by 50-move rule"]

1. d4 d5 2. c4 e6 3. Nc3 c5 4. cxd5 cxd4 5. Qxd4 Nc6 6. Qa4 exd5 7.
Nf3 d4 8. Ne4 Bf5 9. Ng3 Bd7 10.
Bd2 Qb6 11. Qb3 Qxb3 12. axb3 Nf6 13. e3 dxe3 14. Bxe3 Bb4+ 15. Bd2 O-O 16. Be2 Be6 17. Bxb4 Nxb4 18. Nd4 Rfd8 19. Nxe6 Nc2+ 20. Kf1 Nxa1 21. Nxd8 Rxd8 22. Bc4 Rd2 23. h4 Ng4 24. h5 Rxf2+ 25. Kg1 Rxb2 26. Rh4 Rb1+ 27. Nf1 Nf6 28. Rd4 g6 29. h6 Kf8 30. Rd8+ Ke7 31. Rb8 Kd6 32. Rxb7 Ne4 33. Rxf7 Nxb3 34. Bxb3 Rxb3 35. Rxh7 Rb8 36. Rxa7 Ng5 37. h7 Rh8 38. Ra6+ Ke5 39. Rxg6 Nxh7 40. Rh6 Kf5 41. Rh3 Kg6 42. Ng3 Rb8 43. Ne2 Kg7 44. Nf4 Rb1+ 45. Kh2 Rb2 46. Rg3+ Kf7 47. Nd3 Rd2 48. Ne5+ Kf6 49. Nf3 Ra2 50. Rh3 Kg7 51. Nh4 Nf6 52. Nf5+ Kg6 53. Nd4 Rd2 54. Rg3+ Kf7 55.
Nf3 Ra2 56. Ne5+ Ke6 57. Ng6 Ne4 58. Re3 Kf5 59. Kh3 Nf2+ 60. Kg3 Kxg6 61. Re6+ Kf5 62. Re8 Ne4+ 63. Kf3 Ng5+ 64. Kg3 Ne4+ 65. Kf3 Nf6 66. Rb8 Ra3+ 67. Ke2 Ng4 68. Rb5+ Kf4 69. Rb4+ Kg3 70. Re4 Ra2+ 71. Kd3 Rxg2 72. Kc4 Rd2 73. Re8 Kf4 74.
Rf8+ Ke4 75. Re8+ Ne5+ 76. Kc5 Rd7 77. Kb4 Rc7 78. Kb5 Kd4 79. Kb6 Rc6+ 80. Kb5 Rc1 81.
Rd8+ Ke4 82. Re8 Kf5 83. Rf8+ Ke6 84. Re8+ Kd6 85. Rd8+ Nd7 86. Kb4 Rc7 87. Rh8 Nf6 88. Rh6 Ke5 89. Kb3 Ne4 90. Rh5+ Kd4 91. Rh8 Rb7+ 92.
Kc2 Rb4 93. Rd8+ Ke3 94. Rc8 Ra4 95. Kb3 Ra1 96. Rh8 Nd2+ 97. Kb4 Rb1+ 98. Kc5 Ne4+ 99. Kd5 Rd1+ 100. Kc6 Rc1+ 101. Kd5 Nf6+ 102. Ke6 Rc6+ 103. Ke5 Ng4+ 104. Kd5 Ra6 105. Rh3+ Kf4 106. Kc5 Ra5+ 107. Kb6 Rg5 108. Rh1 Ke4 109. Re1+ Ne3 110. Kc6 Kd4 111. Kd7 Rg6 112. Ra1 Nc4 113. Rd1+ Kc5 114. Ke7 Ne5 115. Rc1+ Kd5 116. Rd1+ Ke4 117. Re1+ Kf5 118. Rf1+ Ke4 119. Re1+ Kd4 120. Rd1+ Nd3 121. Kf7 Ra6 1/2-1/2

[Event "Early-Titled-Tuesday-Blitz-January-30-2024"]
[Site "Chess.com"]
[Date "2024.01.30"]
[Round "8"]
[White "bulletteemo"]
[Black "frequentblunders"]
[Result "1-0"]
[WhiteElo "2524"]
[BlackElo "2187"]
[TimeControl "180+1"]
[EndTime "9:23:56 PST"]
[Termination "bulletteemo won by resignation"]

1. e4 e6 2. d4 c5 3. Nf3 cxd4 4. Nxd4 Nf6 5. Nc3 Nc6 6. Ndb5 d6 7. Bf4 e5 8. Bg5 Be7 9. Bxf6 gxf6 10. Nd5 a6 11. Nbc7+ 1-0

[Event "Early-Titled-Tuesday-Blitz-January-30-2024"]
[Site "Chess.com"]
[Date "2024.01.30"]
[Round "8"]
[White "thesupera12"]
[Black "GAusal"]
[Result "1-0"]
[WhiteElo "2543"]
[BlackElo "2293"]
[TimeControl "180+1"]
[EndTime "9:24:48 PST"]
[Termination "thesupera12 won by resignation"]

1. d4 d5 2. Bg5 c6 3. e3 h6 4. Bh4 Qa5+ 5. Qd2 Qxd2+ 6. Nxd2 Nd7 7.
Ngf3 Ngf6 8. c4 e6 9. Rc1 Be7 10. Be2 O-O 11. O-O Re8 12. a3 Nf8 13. h3 Ng6 14. Bg3 Ne4 15. Nxe4 dxe4 16. Nd2 f5 17. c5 Bf6 18. Nc4 Be7 19. b4 a6 20. Nb6 Ra7 21.
Bb8 1-0

[Event "Early-Titled-Tuesday-Blitz-January-30-2024"]
[Site "Chess.com"]
[Date "2024.01.30"]
[Round "8"]
[White "hmatyi07"]
[Black "MoreChessJulia"]
[Result "1-0"]
[WhiteElo "2212"]
[BlackElo "2094"]
[TimeControl "180+1"]
[EndTime "9:25:03 PST"]
[Termination "hmatyi07 won by resignation"]

1. e4 c5 2. Nf3 d6 3. d4 cxd4 4. Nxd4 Nf6 5. Nc3 a6 6. Rg1 e5 7. Nb3 Be6 8. g4 h6 9. Be3 Nbd7 10. h4 b5 11. g5 hxg5 12. hxg5 Ng4 13. Rxg4 Bxg4 14.
Qxg4 Nc5 15. O-O-O Nxb3+ 16. cxb3 Rc8 17. Kb1 Qa5 18.
Qxc8+ 1-0

[Event "Early-Titled-Tuesday-Blitz-January-30-2024"]
[Site "Chess.com"]
[Date "2024.01.30"]
[Round "8"]
[White "Snegokhod"]
[Black "PedroGil25"]
[Result "1-0"]
[WhiteElo "2582"]
[BlackElo "2416"]
[TimeControl "180+1"]
[EndTime "9:25:24 PST"]
[Termination "Snegokhod won by resignation"]

1. b3 c5 2. g3 Nc6 3. Bg2 e5 4.
Bb2 d6 5. c4 g6 6. Nc3 Bg7 7.
e3 Nge7 8. Nge2 O-O 9. O-O Be6 10. d3 Qd7 11. Nd5 f5 12. a3 Bf7 13. Nxe7+ Qxe7 14. b4 cxb4 15. axb4 Nxb4 16. Ba3 Nc6 17. Nc3 Rfd8 18.
Nd5 Qd7 19. Rb1 Rab8 20. Qa4 Ne7 21. Qxd7 Rxd7 22. Nxe7+ Rxe7 23. Bxd6 1-0